 Dungeon Crawl Stone Soup version 0.28-a0-1616-g050a50673c (webtiles) character file.

Game seed: 17060166512777927409

311 grumblor the Sneak (level 6, -10/39 HPs)
             Began as an Octopode Transmuter on Jan 22, 2022.
             Killed from afar by Dowan (22 damage)
             ... with a shard of ice
             ... on level 4 of the Dungeon.
             The game lasted 00:07:05 (5267 turns).

grumblor the Sneak (Octopode Transmuter)            Turns: 5267, Time: 00:07:05

Health: -10/39     AC:  1    Str:  9    XL:     6   Next: 42%
Magic:  0/9        EV: 14    Int: 16    God:
Gold:   111        SH:  0    Dex: 14    Spells: 1/9 levels left

rFire   . . .      SeeInvis .     - Unarmed
rCold   . . .      Faith    .   (no shield)
rNeg    . . .      Spirit   +   (helmet restricted)
rPois   .          Reflect  .   k - amulet of guardian spirit
rElec   .          Harm     .   e - ring of flight
rCorr   .          Rampage  .   (no ring)
Will    .....                   (no ring)
Stlth   ++++......              (no ring)
HPRegen 0.13/turn               (no ring)
MPRegen 0.11/turn               (no ring)
                                (no ring)
                                (no ring)

@: flying
A: almost no armour, amphibious, 8 rings, camouflage 1, gelatinous body 1,
(nimble swimmer 1), tentacles
a: no special abilities


You were on level 4 of the Dungeon.
You visited 1 branch of the dungeon, and saw 4 of its levels.

You collected 111 gold pieces.

Inventory:

Missiles
 d - 6 poisoned darts
 h - 4 silver boomerangs
Jewellery
 c - a ring of fire
 e - a ring of flight (left tentacle)
 k - an amulet of guardian spirit (around mantle)
Wands
 l - a wand of iceblast (8)
Scrolls
 b - 2 scrolls of enchant armour
 f - a scroll of teleportation
 g - 2 scrolls of brand weapon
Potions
 a - a potion of resistance
 j - a potion of haste


   Skills:
 * Level 2.1 Fighting
 * Level 1.1 Throwing
 * Level 3.3 Dodging
 * Level 4.2 Stealth
 - Level 4.0 Unarmed Combat
 + Level 2.2 Spellcasting
 + Level 2.3 Transmutations
 * Level 0.6 Ice Magic
 * Level 1.2 Poison Magic
 * Level 1.1 Evocations


You had one spell level left.
You knew the following spells:

 Your Spells              Type           Power      Damage    Failure   Level
a - Beastly Appendage     Tmut           18%        N/A       8%          1
b - Spider Form           Tmut/Pois      7%         N/A       28%         3
c - Ice Form              Ice/Tmut       6%         N/A       73%         4

Your spell library contained the following spells:

 Spells                   Type           Power      Damage    Failure   Level
 Wereblood                Tmut           9%         N/A       12%         2


Dungeon Overview and Level Annotations

Branches:
Dungeon (4/15)
 Temple: D:4-7

Altars:

Annotations:
D:4 Dowan


Innate Abilities, Weirdness & Mutations

You cannot wear most types of armour.
You are amphibious.
You can wear up to eight rings at the same time.
Your skin changes colour to match your surroundings (Stealth+).
Your rubbery body absorbs attacks. (AC +1, EV +1)
((You are camouflaged when in or above water. (Stealth+)))
You have tentacles for arms and can constrict up to eight enemies at once.


Message History

Dowan blinks!
You hit Duvessa.
Duvessa is heavily wounded.
Your transformation has ended.
Unknown command.
Casting: Spider Form (quite dangerous; 32% risk of failure)
Confirm with . or Enter, or press ? or * to list all spells.
The spell is quite dangerous to miscast (32% risk of failure)!
Continue anyway?
You turn into a venomous arachnid creature.
Duvessa misses you. x2
Dowan says, "Magic and the sword, together, will defeat you."
You hit Duvessa.
Duvessa looks even sicker.
Duvessa is severely wounded.
Duvessa hits you with a +1 short sword of speed.
Duvessa barely misses you. Duvessa closely misses you.
You hit Duvessa.
Duvessa looks as sick as possible!
Duvessa is severely wounded.
Duvessa closely misses you.
Dowan points at you and mumbles some strange words.
The puff of flame hits you.
* * * LOW HITPOINT WARNING * * *
You kill Duvessa!
Dowan screams, "No!
Oh no!"
Dowan seems to find hidden reserves of power!
Dowan gestures wildly while chanting.
Dowan blinks!
Your Throwing skill increases to level 1!
Your Stealth skill increases to level 4!
Your Poison Magic skill increases to level 1!
Your Evocations skill increases to level 1!
You have reached level 6!
Your transformation is almost over.
Items here: )))) [.
Your transformation has ended.
Dowan points at you and mumbles some strange words.
The shard of ice misses you.
Dowan points at you and mumbles some strange words.
The shard of ice hits you!!
Ouch! That really hurt!
You die...

....#####..e####.#
#.#
..!....)....)..#.#
#.#
....#####...##...#
#.# ....#
#######.>###.#
.[..####
#####......#
.......#
#....e.....#
###....#
#.###.###..###
#....#
#.#.....#....#
######
#.#.#.@....#.#
#.###...##.#.#
#.......##.#.#
######..##.#.#
#.....).#
#..##.### #......#
#...#..# #..<...#


You could see Dowan (fast, strong).

Vanquished Creatures
  Duvessa (D:4)
  A hound (D:4)
  A hound skeleton (D:2)
  5 gnolls
  4 adders
  A worm (D:2)
  A dart slug (D:4)
  9 orcs
  6 endoplasms
  3 giant cockroaches
  4 goblins
  5 hobgoblins
  2 quokkas
  7 ball pythons
  7 bats
  A frilled lizard (D:2)
  6 kobolds
  A quokka skeleton (D:2)
  4 rats
69 creatures vanquished.

Notes
Turn   | Place    | Note
-------+----------+-------------------------------------------
     0 | D:1      | grumblor the Octopode Transmuter began the quest for the
                  | Orb.
     0 | D:1      | Reached XP level 1. HP: 13/13 MP: 3/3
   387 | D:1      | Reached XP level 2. HP: 13/18 MP: 5/5
   547 | D:1      | You fall into a shaft and drop 1 floor!
   623 | D:2      | Reached XP level 3. HP: 19/23 MP: 6/6
  1021 | D:1      | Found a faded altar of an unknown god.
  1135 | D:1      | Reached skill level 1 in Stealth
  2087 | D:2      | Reached XP level 4. HP: 28/28 MP: 7/7
  3117 | D:3      | Learned a level 3 spell: Spider Form
  3841 | D:3      | Identified the +9 plate armour of the Constellations {+Inv
                  | rF+++ Int-3}
  4029 | D:3      | Reached XP level 5. HP: 30/34 MP: 8/8
  4221 | D:3      | Learned a level 4 spell: Ice Form
  5223 | D:4      | Noticed Dowan
  5226 | D:4      | Noticed Duvessa
  5250 | D:4      | Killed Duvessa
  5251 | D:4      | Reached skill level 1 in Throwing
  5251 | D:4      | Reached skill level 1 in Poison Magic
  5251 | D:4      | Reached skill level 1 in Evocations
  5251 | D:4      | Reached XP level 6. HP: 9/39 MP: 0/9
  5267 | D:4      | Killed from afar by Dowan

Illustrated notes

Levels and vault maps discovered:
D:1:      dpeg_arrival_court, layout_loops_corners,
          ebering_ecumenical_altar_abandoned, minmay_misc_feat_room
D:2:      layout_basic
D:3:      layout_basic, wad_orctagon
D:4:      layout_basic, uniq_duvessa

Skill      XL: |  1  2  3  4  5 |
---------------+----------------+-----
Stealth        | 1 3 4 |  4.2
Unarmed Combat | 4 |  4.0
Fighting       | 2 |  2.1
Dodging        | 3 |  3.3
Throwing       | 1 |  1.1
Poison Magic   | 1 |  1.2
Evocations     | 1 |  1.1
Spellcasting   | |  2.2
Transmutations | |  2.3
Ice Magic      | |  0.6

Action                   |  1- 3 |  4- 6 || total
-------------------------+-------+-------++-------
Melee: Unarmed           |    81 |   100 ||   181
       Tentacles         |    18 |    21 ||    39
       Constrict         |    18 |    18 ||    36
       Kick              |     3 |     4 ||     7
       Punch             |     4 |     4 ||     8
 Cast: Beastly Appendage |     3 |     3 ||     6
       Spider Form       |       |     4 ||     4
  Use: Scroll            |     5 |     7 ||    12
 Stab: Sleeping          |     9 |     8 ||    17
       Distracted        |       |     1 ||     1
Armor: Skin              |     9 |     7 ||    16
Dodge: Dodged            |    43 |    72 ||   115

Table legend: (Time is in decaauts)
 A = Elapsed time spent in this place.
 B = Non-inter-level travel time spent in this place.
 C = Inter-level travel time spent in this place.
 D = Time resting spent in this place.
 E = Time spent auto-exploring this place.
 F = Levels seen in this place.
 G = Mean time per level.
                   A        B        C        D        E       F      G
               +--------+--------+--------+--------+--------+-----+--------+
         Total |   5254 |   5137 |    117 |   1437 |   3079 |   4 | 1313.5 |
       Dungeon |   5254 |   5137 |    117 |   1437 |   3079 |   4 | 1313.5 |
               +--------+--------+--------+--------+--------+-----+--------+

Top non-repeatable levels by time:
     D:1: 1711 daAuts
     D:2: 1365 daAuts
     D:3: 1190 daAuts
     D:4: 987 daAuts
